 Dungeon Crawl Stone Soup version 0.17.1-3-g152610e (webtiles) character file.

5784 sartoz the Protected (level 10, -7/92 HPs)
             Began as a Minotaur Berserker on Apr 1, 2016.
             Was a High Priest of Trog.
             Mangled by Rupert
             ... wielding a +1 great mace of distortion
              (15 damage)
             ... on level 2 of the Orcish Mines.
             The game lasted 00:58:38 (6827 turns).

sartoz the Protected (Minotaur Berserker)           Turns: 6827, Time: 00:58:38

Health: -7/92      AC: 17    Str: 23    XL:     10   Next: 50%
Magic:  9/9        EV: 10    Int:  4    God:    Trog [*****.]
Gold:   712        SH:  0    Dex: 12    Spells: 0 memorised, 9 levels left

rFire  . . .     SeeInvis .     I - +3 hand axe (venom)
rCold  . . .     Clarity  .     M - +1 plate armour
rNeg   . . .     SustAt   .     (no shield)
rPois  .         Gourm    .     (helmet restricted)
rElec  .         Spirit   .     A - +0 cloak
rCorr  .         Warding  .     (no gloves)
rMut   .         Stasis   .     (no boots)
MR     +++..                    (no amulet)
Stlth  ..........               E - +2 ring of intelligence
                                m - ring of protection from magic

@: exhausted, regenerating, slowed, very slow, extremely resistant to hostile
enchantments, extremely unstealthy
A: retaliatory headbutt, horns 2, blurry vision 1, dopey 1, wild magic 1
a: Berserk, Trog's Hand, Brothers in Arms, Burn Spellbooks, Renounce Religion


You were on level 2 of the Orcish Mines.
You worshipped Trog.
Trog was extremely pleased with you.
You were very hungry.

You visited 2 branches of the dungeon, and saw 11 of its levels.

You collected 712 gold pieces.

Inventory:

Hand Weapons
 k - a +4 war axe of chopping
 D - a +1 whip of flaming
 I - a +3 hand axe of venom (weapon)
Armour
 A - a +0 cloak (worn)
 M - a +1 plate armour (worn)
Jewellery
 m - a ring of protection from magic (left hand)
 p - an uncursed ring of positive energy {unknown}
 q - a cursed -2 ring of strength {unknown}
 E - a +2 ring of intelligence (right hand)
Wands
 a - a wand of frost (22)
Scrolls
 b - a scroll of teleportation
 e - a scroll of enchant weapon
 h - a scroll of fog {unknown}
 i - a scroll of acquirement {unknown}
 j - a scroll of magic mapping {unknown}
 o - 8 scrolls of identify
 r - 4 scrolls of remove curse
 t - a scroll of enchant armour
 u - a scroll of recharging {unknown}
Potions
 f - a potion of cure mutation
 g - 2 potions of brilliance
 l - 3 potions of curing
 n - 3 potions of invisibility
 s - a potion of magic
 x - a potion of berserk rage
 L - a potion of agility
Comestibles
 c - 13 bread rations
 d - 2 slices of pizza
 F - 4 beef jerkies
 K - 4 meat rations


   Skills:
 + Level 9.7 Fighting
 + Level 10.6 Axes
 + Level 10.6 Armour
 + Level 7.5 Dodging
 - Level 1.3 Stealth


You had 9 spell levels left.
You didn't know any spells.

Dungeon Overview and Level Annotations

Branches:
Dungeon (9/15)             Temple (0/1) D:6             Orc (2/4) D:9
   Lair: D:8-11

Altars:
Cheibriados
Dithmenos
Gozag
Kikubaaqudgha
Makhleb
Nemelex Xobeh
Okawaru
Ru
Xom
Yredelemnul
Zin

Annotations:
Orc:2 Rupert


Innate Abilities, Weirdness & Mutations

You reflexively headbutt those who attack you in melee.
You have a pair of horns on your head.
Scrolls take you a little longer to read.
You are dopey. (Int -2)
Your spells are a little harder to cast, but a little more powerful.


Message History

Rupert is heavily wounded.
Rupert hits you with a great mace of distortion.
* * * LOW HITPOINT WARNING * * *
You blink.
You feel a strong urge to attack something.
You feel your anger subside.
You are no longer berserk.
You are exhausted.
You feel yourself slow down.
You are feeling very hungry.
Rupert rages.
Rupert misses you.
You see here 5 gold pieces.
You now have 712 gold pieces (gained 5).
Rupert hits you with a great mace of distortion!!
* * * LOW HITPOINT WARNING * * *
You blink.
You see here 23 gold pieces.
Rupert hits you with a great mace of distortion!
You die...

........## ##....##
#.#$..... ###.....#
#......###.......##
##......##.........
###.............#....
##....#.........##....
#....#...##.....###...
##..#..........##....
#...@@.....#.....<...
#.........##.........
##.#.....####.>....##
###...#..# #>....##
###.#.## ##...## #####
#...# ##..## #...#
##.##


You could see Rupert (berserk).

Vanquished Creatures
  Pikel (D:5)
  Grinder (D:5)
  A spriggan (D:7)
  A hippogriff (D:7)
  A hungry ghost (D:4)
  12 orc warriors
  3 sky beasts (D:6)
  A slave (D:5)
  3 phantoms
  4 centaurs
  4 ogres
  A crocodile (D:9)
  A giant frog (D:6)
  A big kobold (D:9)
  4 scorpions
  3 wights (D:8)
  A giant frog zombie (D:5)
  2 crimson imps
  A jelly (D:7)
  6 hounds
  13 orc priests
  A giant frog skeleton (D:9)
  2 iguanas
  11 orc wizards
  Natasha (thrice) (D:2)
  10 worker ants
  A hound zombie (D:5)
  A hound skeleton (D:6)
  6 adders
  15 gnolls
  A river rat (D:9)
  2 shadow imps
  An ooze (D:6)
  3 adder zombies
  3 worms
  6 giant geckos
  72 orcs
  4 bats
  3 giant cockroaches
  11 goblins
  4 hobgoblins
  14 jackals
  12 kobolds
  5 quokkas
  A ball python (D:4)
  A giant gecko skeleton (D:6)
  A giant gecko zombie (D:6)
  2 giant newts
  A quokka skeleton (D:6)
  6 rats
268 creatures vanquished.

Vanquished Creatures (collateral kills)
  A sky beast (D:7)
  A centaur zombie (D:7)
2 creatures vanquished.

Vanquished Creatures (others)
  A human (D:4)
  Blork the orc (D:5)
  An orc (Orc:1)
3 creatures vanquished.

Grand Total: 273 creatures vanquished

Notes
Turn   | Place    | Note
--------------------------------------------------------------
     0 | D:1      | sartoz the Minotaur Berserker began the quest for the Orb.
     0 | D:1      | Reached XP level 1. HP: 19/19 MP: 0/0
   558 | D:1      | Reached XP level 2. HP: 27/27 MP: 1/1
   654 | D:2      | Found a snail-covered altar of Cheibriados.
   658 | D:2      | Reached skill level 4 in Fighting
   685 | D:2      | Reached XP level 3. HP: 33/33 MP: 2/2
   691 | D:2      | Noticed Natasha
   702 | D:2      | Killed Natasha
   859 | D:2      | Noticed Natasha
   878 | D:2      | Killed Natasha
   878 | D:2      | Reached XP level 4. HP: 27/41 MP: 3/3
   894 | D:2      | Reached ** piety under Trog
   931 | D:2      | Noticed Natasha
   935 | D:2      | Killed Natasha
  1130 | D:3      | Reached skill level 5 in Axes
  1138 | D:3      | Reached XP level 5. HP: 13/47 MP: 4/4
  1245 | D:3      | Found a shimmering altar of Xom.
  1248 | D:3      | Found a shimmering altar of Xom.
  1257 | D:3      | Found a shimmering altar of Xom.
  1477 | D:3      | Reached skill level 5 in Fighting
  1518 | D:3      | Reached *** piety under Trog
  1577 | D:3      | Found a basalt altar of Yredelemnul.
  1799 | D:3      | Found a basalt altar of Yredelemnul.
  1799 | D:3      | Found an ancient bone altar of Kikubaaqudgha.
  1801 | D:3      | Found a sacrificial altar of Ru.
  1803 | D:3      | Found an iron altar of Okawaru.
  1991 | D:4      | Noticed a hungry ghost
  2007 | D:4      | Reached XP level 6. HP: 37/56 MP: 5/5
  2036 | D:4      | Killed a hungry ghost
  2215 | D:4      | Reached skill level 5 in Armour
  2252 | D:4      | Reached XP level 7. HP: 46/61 MP: 6/6
  2265 | D:4      | Noticed a phantom
  2298 | D:4      | Killed a phantom
  2298 | D:4      | Reached skill level 6 in Axes
  2298 | D:4      | Reached skill level 1 in Stealth
  2529 | D:4      | Found an ancient bone altar of Kikubaaqudgha.
  2533 | D:4      | Noticed a human
  2534 | D:4      | Killed a human
  2801 | D:5      | Entered Level 5 of the Dungeon
  2820 | D:5      | Noticed Pikel
  2846 | D:5      | Killed Pikel
  2846 | D:5      | Reached skill level 5 in Dodging
  2846 | D:5      | Reached XP level 8. HP: 60/71 MP: 7/7
  2887 | D:5      | Reached skill level 7 in Axes
  2903 | D:5      | Reached **** piety under Trog
  2917 | D:5      | Killed Blork the orc
  2983 | D:5      | HP: 1/71 [ogre/giant club (28)]
  3257 | D:5      | Noticed Grinder
  3257 | D:5      | Paralysed by Grinder for 6 turns
  3279 | D:5      | Killed Grinder
  3279 | D:5      | Reached skill level 8 in Armour
  3317 | D:5      | Found a shadowy altar of Dithmenos.
  3758 | D:6      | Found a burning altar of Makhleb.
  3965 | D:6      | Found a glowing silver altar of Zin.
  3965 | D:6      | Found an opulent altar of Gozag.
  3976 | D:6      | Reached XP level 9. HP: 79/79 MP: 8/8
  4273 | D:6      | Found a staircase to the Ecumenical Temple.
  4776 | D:7      | Reached skill level 9 in Armour
  5018 | D:7      | Gained mutation: You are dopey. (Int -2) [potion of mutation]
  5018 | D:7      | Gained mutation: Scrolls take you a little longer to read. [potion of mutation]
  5018 | D:7      | Gained mutation: Your spells are a little harder to cast, but a little more powerful. [potion of mutation]
  5597 | D:8      | Reached XP level 10. HP: 58/91 MP: 9/9
  5919 | D:9      | Reached skill level 10 in Armour
  5990 | D:9      | Found a sparkling altar of Nemelex Xobeh.
  6081 | D:9      | Reached skill level 10 in Axes
  6196 | D:9      | Reached ***** piety under Trog
  6251 | D:9      | Found a staircase to the Orcish Mines.
  6374 | Orc:1    | Entered Level 1 of the Orcish Mines
  6798 | Orc:2    | Noticed Rupert
  6827 | Orc:2    | Mangled by Rupert

Action                   |  1- 3 |  4- 6 |  7- 9 | 10-12 || total
-------------------------+-------+-------+-------+-------++-------
Melee: Hand axe          |    55 |   157 |   391 |   173 ||   776
Invok: Trog's Hand       |       |     1 |     7 |     4 ||    12
       Berserk           |       |       |     3 |     2 ||     5
       Burn Spellbooks   |       |       |     1 |     1 ||     2
       Brothers in Arms  |       |       |     1 |       ||     1
  Use: Potion            |       |       |    13 |     4 ||    17
       Scroll            |       |       |    13 |       ||    13
  Eat: Chunk             |       |     2 |     6 |     4 ||    12
       Meat ration       |       |     2 |       |       ||     2
       Pizza             |       |       |     1 |       ||     1
       Bread ration      |       |       |     2 |       ||     2
